 Dungeon Crawl Stone Soup version 0.20.1-1-g8b1a95d (webtiles) character file.

137 Folque the Magician (level 5, 0/36 HPs)
             Began as an Octopode Wizard on Oct 31, 2017.
             Succumbed to kobold's curare-tipped needle
             ... on level 3 of the Dungeon.
             The game lasted 00:13:43 (3178 turns).

Folque the Magician (Octopode Wizard)               Turns: 3178, Time: 00:13:49

Health: 0/36       AC:  2    Str:  6    XL:     5   Next: 20%
Magic:  2/11       EV: 13    Int: 21    God:
Gold:   118        SH:  0    Dex: 11    Spells: 4/12 levels left

rFire    . . .     SeeInvis .   n - +1 dagger (venom)
rCold    . . .     Gourm    .   (no shield)
rNeg     . . .     Faith    .   a - +1 hat
rPois    .         Spirit   .   (no amulet)
rElec    .         Reflect  .   (no ring)
rCorr    .         Harm     .   (no ring)
MR       .....                  (no ring)
Stlth    +++.......             (no ring)
Regen    0.2/turn               (no ring)
MPRegen  0.2/turn               (no ring)
                                (no ring)
                                (no ring)

@: lethally poisoned (0 -> -19)
A: almost no armour, stealthy swim, amphibious, 8 rings, constrict 8, camouflage
1, gelatinous body 1
a: no special abilities


You were on level 3 of the Dungeon.
You were not hungry.

You visited 1 branch of the dungeon, and saw 3 of its levels.

You collected 118 gold pieces.

Inventory:

Hand Weapons
 e - a +0 whip
 g - a +0 mace of protection
 j - a +0 dagger
 k - a +0 trident
 n - a +1 dagger of venom (weapon)
 o - a +3 short sword
Armour
 a - a +1 hat (worn)
Jewellery
 q - an uncursed ring of wizardry {unknown}
Wands
 m - a wand of flame (27/48)
Scrolls
 r - 3 scrolls of magic mapping
 t - a scroll of immolation {unknown}
 v - a scroll of blinking
Potions
 d - a potion of flight
 s - a potion of curing {unknown}
 u - a potion of brilliance
 w - a potion of agility {unknown}
Books
 b - a book of Minor Magic

   Spells                             Type                      Level
   a - Magic Dart                     Conjuration                  1
   b - Blink                          Translocation                2
   c - Call Imp                       Summoning                    2
   d - Slow                           Hexes                        2
   e - Conjure Flame                  Conjuration/Fire             3
   f - Mephitic Cloud                 Conjuration/Poison/Air       3
Comestibles
 c - 4 bread rations
 f - 2 fruits
 h - 4 royal jellies
 l - 4 chunks of flesh
 p - a meat ration


   Skills:
 - Level 3.0 Fighting
 - Level 2.0 Dodging
 - Level 2.6 Stealth
 + Level 4.0 Spellcasting
 - Level 1.0 Conjurations
 - Level 1.0 Summonings
 - Level 1.0 Translocations
 * Level 2.0 Poison Magic


You had 4 spell levels left.
You knew the following spells:

 Your Spells              Type           Power        Failure   Level  Hunger
a - Magic Dart            Conj           #...         8%          1    None
b - Call Imp              Summ           #.......     12%         2    #......
c - Blink                 Tloc           N/A          12%         2    #......
d - Mephitic Cloud        Conj/Pois/Air  #.......     24%         3    ###....


Dungeon Overview and Level Annotations

Branches:
Dungeon (3/15)

Altars:
Qazlal


Innate Abilities, Weirdness & Mutations

You cannot wear most types of armour.
You are very stealthy in the water. (Stealth+)
You are amphibious.
You can wear up to eight rings at the same time.
You can use your tentacles to constrict eight enemies at once.
Your skin changes colour to match your surroundings (Stealth+).
Your rubbery body absorbs attacks. (AC +1, EV +1)


Message History

The curare-tipped needle closely misses your crimson imp.
The curare-tipped needle barely misses you.
Your crimson imp hits the kobold but does no damage.
It was a potion of brilliance.
You feel clever all of a sudden.
* * * LOW HITPOINT WARNING * * *
You feel sick.
The kobold shoots a curare-tipped needle.
The curare-tipped needle closely misses your crimson imp.
The curare-tipped needle barely misses you.
Your crimson imp hits the kobold.
The kobold dies!
It was a potion of cancellation.
Your magical effects are unravelling.
You feel magically purged.
Your magical contamination has completely faded away.
You feel yourself speed up.
You feel yourself slow down.
You float gracefully downwards.
You feel a little less clever now.
You die...

#>............<
#.#.........###
#.#.........#
#.#.........#
##+#.........###
#.......#.......
#.......#.######
#####.......#.#
#ยง5@......).#.#
#)####......#.#
###.####..#####.#
#.55(.##......#.#
##'''###..###.#.# ###
*#).K#*##...#.#+####..
*#$....**###.#......#..
#.......* ##.#......#..
#.......# #.........#..


You could see a friendly crimson imp.

Vanquished Creatures
  6 adders
  A worm (D:3)
  3 dart slugs
  A leopard gecko (D:3)
  An orc (D:3)
  9 bats
  6 giant cockroaches
  8 goblins
  A hobgoblin (D:1)
  2 jackals (D:1)
  A quokka (D:2)
  4 frilled lizards
  6 kobolds
  9 rats
58 creatures vanquished.

Vanquished Creatures (collateral kills)
  Jessica (D:2)
  3 worms
  2 goblins
  6 kobolds
  A bat (D:2)
  A frilled lizard (D:2)
14 creatures vanquished.

Vanquished Creatures (others)
  6 toadstools (D:3)
6 creatures vanquished.

Grand Total: 78 creatures vanquished

Notes
Turn   | Place    | Note
-------+----------+-------------------------------------------
     0 | D:1      | Folque the Octopode Wizard began the quest for the Orb.
     0 | D:1      | Reached XP level 1. HP: 11/11 MP: 4/4
    86 | D:1      | Reached skill level 1 in Fighting
   166 | D:1      | Reached XP level 2. HP: 3/18 MP: 1/6
   579 | D:1      | Learned a level 2 spell: Call Imp
   582 | D:1      | Learned a level 2 spell: Blink
  1038 | D:1      | Reached XP level 3. HP: 24/24 MP: 7/7
  1437 | D:2      | Learned a level 3 spell: Mephitic Cloud
  1487 | D:2      | Found a stormy altar of Qazlal.
  1515 | D:2      | Noticed Jessica
  1538 | D:2      | Killed Jessica
  1538 | D:2      | Reached XP level 4. HP: 5/30 MP: 1/9
  2421 | D:2      | Reached skill level 1 in Poison Magic
  2787 | D:3      | Reached XP level 5. HP: 36/36 MP: 10/10
  2837 | D:3      | Reached skill level 4 in Spellcasting
  3178 | D:3      | Succumbed to kobold's curare-tipped needle

Skill      XL: |  1  2  3  4  5 |
---------------+----------------+-----
Fighting       | 1 2 3 |  3.0
Poison Magic   | 1 2 |  2.0
Spellcasting   | 4 |  4.0
Dodging        | |  2.0
Stealth        | |  2.6
Conjurations   | |  1.0
Summonings     | |  1.0
Translocations | |  1.0

Action                   |  1- 3 |  4- 6 || total
-------------------------+-------+-------++-------
Melee: Whip              |    23 |       ||    23
       Unarmed           |     7 |       ||     7
       Constrict         |    23 |    13 ||    36
       Tentacles         |     7 |     7 ||    14
       Dagger            |    48 |    53 ||   101
 Cast: Magic Dart        |    10 |     8 ||    18
       Call Imp          |    13 |    15 ||    28
  Use: Scroll            |       |     6 ||     6
       Potion            |       |     4 ||     4
 Stab: Sleeping          |     5 |     7 ||    12
       Distracted        |     1 |       ||     1
  Eat: Chunk             |     2 |     6 ||     8
Armor: Skin              |    12 |     6 ||    18
Dodge: Dodged            |    58 |    38 ||    96
